 Dungeon Crawl Stone Soup version 0.29-a0-210-g9445043ebc (webtiles) character file.

Game seed: 13358150086810800423

529 HotDog the Cudgeller (level 7, -2/67 HPs)
             Began as a Troll Fighter on Feb 24, 2022.
             Succumbed to a hornet's poison
             ... on level 5 of the Dungeon.
             The game lasted 00:05:34 (2878 turns).

HotDog the Cudgeller (Troll Fighter)                Turns: 2878, Time: 00:05:34

Health: -2/67      AC:  4    Str: 27    XL:     7   Next: 3%
Magic:  7/7        EV:  9    Int:  4    God:
Gold:   312        SH: 12    Dex:  9    Spells: 6/6 levels left

rFire   . . .      SeeInvis .   l - +1 flail (holy)
rCold   . . .      Faith    .   c - +0 kite shield
rNeg    . . .      Spirit   .   b - +0 robe
rPois   .          Reflect  +   (helmet restricted)
rElec   .          Harm     .   (no cloak)
rCorr   .          Rampage  .   (gloves unavailable)
Will    .....                   (boots unavailable)
Stlth   +.........              h - amulet of reflection
HPRegen 1.01/turn               (no ring)
MPRegen 0.10/turn               (no ring)

@: lethally poisoned (-2 -> -5), slowed, very slow
A: large, unfitting armour, claws 3, regeneration 1, shaggy fur 1, tough skin 1
a: no special abilities


You were on level 5 of the Dungeon.
You visited 1 branch of the dungeon, and saw 8 of its levels.

You collected 312 gold pieces.

Inventory:

Hand Weapons
 l - a +1 flail of holy wrath (weapon)
Armour
 a - a +0 chain mail
 b - a +0 robe (worn)
 c - a +0 kite shield (worn)
Jewellery
 g - a ring of ice
 h - an amulet of reflection (around neck)
 i - a +6 ring of strength
Scrolls
 k - 2 scrolls of fear
 m - a scroll of silence
 n - a scroll of teleportation
Potions
 d - 3 potions of might
 e - a potion of attraction
 f - a potion of haste {unknown}
 j - a potion of curing {unknown}
 p - a potion of cancellation {unknown}


   Skills:
 * Level 3.2 Fighting
 * Level 4.5 Maces & Flails
 * Level 3.7 Dodging
 * Level 3.3 Shields
 * Level 2.1 Invocations


You had 6 spell levels left.
You didn't know any spells.
Your spell library contained the following spells:

 Spells                   Type           Power      Damage    Failure   Level
 Gell's Gravitas          Tloc           0%         N/A       99%         3
 Inner Flame              Hex/Fire       0%         N/A       99%         3
 Teleport Other           Tloc           0%         N/A       99%         3
 Cause Fear               Hex            0%         N/A       100%        4
 Freezing Cloud           Conj/Ice/Air   0%         6-21      100%        5
 Dispersal                Tloc           0%         N/A       100%        6
 Simulacrum               Ice/Necr       0%         N/A       100%        6
 Discord                  Hex            0%         N/A       100%        8
 Polar Vortex             Ice            0%         N/A       100%        9


Dungeon Overview and Level Annotations

Branches:
Dungeon (8/15)
 Temple: D:4-7         Lair: D:8-11

Altars:


Innate Abilities, Weirdness & Mutations

You are too large for most types of armour.
You have claws for hands.
Your natural rate of healing is unusually fast.
You are covered in fur. (AC +1)
You have tough skin. (AC +1)


Message History

The hornet stings you.
You suddenly lose the ability to move!
The hornet completely misses you.
The bullfrog zombie hits you but does no damage.
The hornet stings you.
You shrug off the repeated paralysis!
The bullfrog zombie hits you but does no damage.
The hornet stings you.
You feel yourself slow down. The bullfrog zombie hits you.
The hornet stings you but does no damage.
The bullfrog zombie hits you.
You can move again.
You closely miss the hornet.
You feel yourself speed up. The hornet barely misses you.
You block the bullfrog zombie's attack. You block the hornet's attack.
You block the bullfrog zombie's attack.
The hornet stings you but does no damage.
You closely miss the hornet. You block the hornet's attack.
The bullfrog zombie hits you.
The hornet stings you but does no damage.
The bullfrog zombie barely misses you.
You miss the hornet. You block the hornet's attack.
You block the bullfrog zombie's attack. The hornet stings you!
You feel yourself slow down.
You miss the hornet.
You feel yourself speed up. You block the bullfrog zombie's attack.
The hornet stings you.
You suddenly lose the ability to move!
The bullfrog zombie hits you. The hornet stings you!
You feel yourself slow down. The bullfrog zombie hits you.
* * * LOW HITPOINT WARNING * * *
The hornet stings you!
* * * LOW HITPOINT WARNING * * *
You feel as though you will be slow longer.
The bullfrog zombie hits you.
* * * LOW HITPOINT WARNING * * *
The hornet stings you.
* * * LOW HITPOINT WARNING * * *
You are lethally poisoned!
You feel as though you will be slow longer.
You can move again.
You die...

..........$.#
#..............#
#..............#
#....[.........#
###..............# #
...!. ........Z. ##.
#..#+####.Zy##.#
#...#..#..?.....##.#
##.......#####..@(.#
..........# #.....#
###...#...########.####
#.#.........<...!...#
.................>...#
.##.#.#.#.###.#######.#
#.....#.# #.# #.#
#####..<# # ### #.###


You could see a hornet and a bullfrog zombie.

Vanquished Creatures
  An ogre (D:3)
  A phantom (D:4)
  A bullfrog (D:7)
  2 scorpions
  An iguana (D:3)
  A centaur skeleton (D:4)
  2 adders (D:4)
  3 gnolls (D:4)
  A white imp (D:5)
  A worm (D:2)
  2 dart slugs
  7 orcs (D:3)
  7 bats
  7 endoplasms
  3 giant cockroaches (D:2)
  6 hobgoblins
  2 jackals (D:1)
  2 quokkas
  4 ball pythons
  4 frilled lizards
  6 goblins
  6 kobolds
  5 rats
75 creatures vanquished.

Notes
Turn   | Place    | Note
-------+----------+-------------------------------------------
     0 | D:1      | HotDog the Troll Fighter began the quest for the Orb.
     0 | D:1      | Reached XP level 1. HP: 22/22 MP: 0/0
   191 | D:1      | Found a faded altar of an unknown god.
   271 | D:1      | Reached XP level 2. HP: 29/29 MP: 1/1
   627 | D:2      | Reached skill level 2 in Maces & Flails
   641 | D:2      | Reached XP level 3. HP: 33/36 MP: 2/2
  1033 | D:2      | Reached skill level 1 in Invocations
  1372 | D:3      | Reached XP level 4. HP: 21/44 MP: 3/3
  1425 | D:3      | Noticed an ogre
  1431 | D:3      | Killed an ogre
  1432 | D:3      | Reached skill level 3 in Maces & Flails
  1432 | D:3      | Reached XP level 5. HP: 38/52 MP: 3/5
  2127 | D:4      | Reached XP level 6. HP: 61/61 MP: 6/6
  2419 | D:4      | Reached skill level 4 in Maces & Flails
  2792 | D:5      | Entered Level 5 of the Dungeon
  2806 | D:5      | You fall into a shaft and drop 3 floors!
  2806 | D:8      | Noticed an orc warrior
  2823 | D:7      | Reached XP level 7. HP: 65/67 MP: 7/7
  2867 | D:5      | Noticed a hornet
  2870 | D:5      | Paralysed by a hornet for 3 turns
  2876 | D:5      | Paralysed by a hornet for 3 turns
  2876 | D:5      | HP: 3/67 [hornet (16)]
  2877 | D:5      | HP: 1/67 [hornet (1)]
  2878 | D:5      | Succumbed to a hornet's poison

Illustrated notes

Levels and vault maps discovered:
D:1:      minmay_arrival_solitary_statue, layout_loops_ring,
          hellmonk_ecumenical_altar_arch_garden
D:2:      layout_basic
D:3:      layout_rooms
D:4:      layout_basic
D:5:      layout_basic, enter_ossuary_2, cheibrodos_sewer_entry_bend
D:6:      layout_gridville, ebering_ghost_sewer_d, grunt_decor_resistance,
          kennysheep_generic_room_7
D:7:      layout_loops_ring, gammafunk_temple_overflow_claw,
          minmay_temple_entry_from_below_a, kennysheep_minor_cross
D:8:      kennysheep_ambush_hall, layout_cave_pools, minmay_lair_entry_grove,
          grunt_ministairs_15, nrook_mini_vaults, serial_bayou_lake_a,
          uniq_maurice, uniq_grum

Skill      XL: |  1  2  3  4  5  6 |
---------------+-------------------+-----
Maces & Flails | 2 3 4 |  4.5
Invocations    | 1 2 |  2.1
Dodging        | 3 |  3.7
Fighting       | 3 |  3.2
Shields        | 3 |  3.3

Action                   |  1- 3 |  4- 6 |  7- 9 || total
-------------------------+-------+-------+-------++-------
Melee: Flail             |   155 |    94 |     7 ||   256
  Use: Scroll            |     7 |     3 |       ||    10
Armor: Robe              |    69 |    26 |     5 ||   100
Dodge: Dodged            |   110 |    30 |     4 ||   144
Block: Kite shield       |    75 |    50 |    12 ||   137
       Reflection        |       |     1 |     1 ||     2

Table legend: (Time is in decaauts)
 A = Elapsed time spent in this place.
 B = Non-inter-level travel time spent in this place.
 C = Inter-level travel time spent in this place.
 D = Time resting spent in this place.
 E = Time spent auto-exploring this place.
 F = Levels seen in this place.
 G = Mean time per level.
                   A        B        C        D        E       F      G
               +--------+--------+--------+--------+--------+-----+--------+
         Total |   2980 |   2711 |    269 |     91 |   1918 |   8 |  372.5 |
       Dungeon |   2980 |   2711 |    269 |     91 |   1918 |   8 |  372.5 |
               +--------+--------+--------+--------+--------+-----+--------+

Top non-repeatable levels by time:
     D:4: 946 daAuts
     D:3: 720 daAuts
     D:1: 621 daAuts
     D:2: 601 daAuts
     D:5: 40 daAuts
     D:7: 34 daAuts
     D:6: 8 daAuts
     D:8: 6 daAuts
